 Dungeon Crawl Stone Soup version 0.20.1-1-g8b1a95d (console) character file.

157 vuolankoinen the Magician (level 5, -4/34 HPs)
             Began as an Octopode Wizard on Nov 22, 2017.
             Was a Follower of Uskayaw.
             Slain by an orc priest
             ... wielding a +0 dagger
              (5 damage)
             ... on level 4 of the Dungeon.
             The game lasted 00:22:54 (4315 turns).

vuolankoinen the Magician (Octopode Wizard)         Turns: 4315, Time: 00:22:55

Health: -4/34      AC:  1    Str:  6    XL:     5   Next: 38%
Magic:  9/11       EV: 13    Int: 22    God:    Uskayaw [*.....]
Gold:   141        SH:  0    Dex: 10    Spells: 4/12 levels left

rFire    . . .     SeeInvis .   m - +0 short sword
rCold    . . .     Gourm    .   (no shield)
rNeg     . . .     Faith    .   a - +0 hat
rPois    .         Spirit   .   (no amulet)
rElec    .         Reflect  .   (no ring)
rCorr    .         Harm     .   (no ring)
MR       .....                  (no ring)
Stlth    +++.......             (no ring)
Regen    0.2/turn               (no ring)
MPRegen  0.2/turn               (no ring)
                                (no ring)
                                (no ring)

@: lethally poisoned (-4 -> -5), very slightly contaminated
A: almost no armour, stealthy swim, amphibious, 8 rings, constrict 8, camouflage
1, gelatinous body 1
a: Stomp, Renounce Religion


You were on level 4 of the Dungeon.
You worshipped Uskayaw.
Uskayaw was noncommittal.
You were very hungry.

You visited 2 branches of the dungeon, and saw 6 of its levels.

You collected 141 gold pieces.

Inventory:

Hand Weapons
 m - a +0 short sword (weapon)
Missiles
 l - 5 curare-tipped needles
Armour
 a - a +0 hat (worn)
Scrolls
 e - a scroll of identify {unknown}
 f - a scroll of immolation {unknown}
 h - 4 scrolls of magic mapping {unknown}
 i - a scroll of remove curse {unknown}
 n - a scroll of amnesia {unknown}
 p - a scroll of enchant armour {unknown}
 q - a scroll of blinking {unknown}
 t - a scroll of random uselessness {unknown}
 u - a scroll of noise {unknown}
Potions
 k - a potion of resistance {unknown}
 o - a potion of brilliance {unknown}
 r - a potion of degeneration {unknown}
 s - a potion of agility {unknown}
Books
 b - a book of Minor Magic

   Spells                             Type                      Level
   a - Magic Dart                     Conjuration                  1
   b - Blink                          Translocation                2
   c - Call Imp                       Summoning                    2
   d - Slow                           Hexes                        2
   e - Conjure Flame                  Conjuration/Fire             3
   f - Mephitic Cloud                 Conjuration/Poison/Air       3
Comestibles
 c - 4 bread rations
 g - a royal jelly
 j - 2 fruits


   Skills:
 * Level 1.7 Fighting
 + Level 0.8 Short Blades
 + Level 2.8 Dodging
 + Level 3.9 Stealth
 + Level 4.0 Spellcasting
 + Level 1.4 Conjurations
 - Level 1.0 Summonings
 + Level 1.2 Translocations
 + Level 0.2 Poison Magic


You had 4 spell levels left.
You knew the following spells:

 Your Spells              Type           Power        Failure   Level  Hunger
a - Magic Dart            Conj           ##..         6%          1    None
b - Blink                 Tloc           N/A          11%         2    #......
c - Call Imp              Summ           #.......     11%         2    #......
d - Mephitic Cloud        Conj/Pois/Air  #.......     26%         3    ###....


Dungeon Overview and Level Annotations

Branches:
Dungeon (5/15)             Temple (1/1) D:4

Altars:
Dithmenos
Elyvilon
Gozag
Hepliaklqana
Kikubaaqudgha
Makhleb
Nemelex Xobeh
Okawaru
Qazlal
Trog
Uskayaw
Vehumet
Yredelemnul
The Shining One

Annotations:
D:4 exclusion: iguana


Innate Abilities, Weirdness & Mutations

You cannot wear most types of armour.
You are very stealthy in the water. (Stealth+)
You are amphibious.
You can wear up to eight rings at the same time.
You can use your tentacles to constrict eight enemies at once.
Your skin changes colour to match your surroundings (Stealth+).
Your rubbery body absorbs attacks. (AC +1, EV +1)


Message History

The orc priest invokes the aid of Beogh against you.
Pain shoots through your body!
* * * LOW HITPOINT WARNING * * *
An orc wizard comes into view. It is wielding a dagger.
The orc wizard barely misses you.
Casting: Call Imp
Confirm with . or Enter, or press ? or * to list all spells.
You don't have enough magic to cast that spell.
Magic courses through your body.
You feel sick.
Your crimson imp hits the orc wizard.
The orc wizard barely misses you.
The orc priest hits you but does no damage.
An orc comes into view. It is wielding a hand axe.
Casting: Call Imp
Confirm with . or Enter, or press ? or * to list all spells.
A beastly little devil appears in a puff of flame.
Your crimson imp barely misses the orc wizard.
The orc wizard hits you with a dagger.
* * * LOW HITPOINT WARNING * * *
The orc wizard mumbles some strange words.
The orc wizard blinks!
The orc priest hits you with a dagger.
You die...

####### #.....# #.###'##
################.#.....
#>...............#.⌠.⌠.
#..........#####.+..>..
#..........# ###.⌠.⌠. ...
##..........# #..... ..
.............# ###+## #.#
.......5.5...# ..##
###.....@o.o.# ..# #.....oo...§o.
##.### #.....o.o..### ##....#
#......o...# .##..>.#
#######...## #### ..##....##
#...# ......### .###.....##
####.#.####.........
..............oo................#
.#.#..>#.....o..o..$...... ...#..
.......#...#...o.....).#.......#.
....................<............


You could see an orc priest, 3 orc wizards, 4 orcs and 2 friendly crimson imps.

Vanquished Creatures
  A worker ant (D:4)
  4 adders
  2 worms (D:2)
  2 dart slugs
  3 leopard geckos (D:1)
  4 orcs (D:3)
  17 bats
  4 giant cockroaches
  5 goblins
  6 hobgoblins
  7 jackals
  2 quokkas
  2 ball pythons
  5 frilled lizards
  9 kobolds
  10 rats
83 creatures vanquished.

Vanquished Creatures (collateral kills)
  An adder (D:3)
  An orc (D:4)
  A quokka (D:3)
3 creatures vanquished.

Grand Total: 86 creatures vanquished

Notes
Turn   | Place    | Note
-------+----------+-------------------------------------------
     0 | D:1      | vuolankoinen the Octopode Wizard began the quest for the Orb.
     0 | D:1      | Reached XP level 1. HP: 11/11 MP: 4/4
   152 | D:1      | Reached XP level 2. HP: 12/18 MP: 6/6
   159 | D:1      | Learned a level 2 spell: Blink
   162 | D:1      | Learned a level 2 spell: Call Imp
   568 | D:1      | Reached skill level 1 in Fighting
   568 | D:1      | Reached XP level 3. HP: 23/23 MP: 2/8
  1596 | D:2      | Reached XP level 4. HP: 17/28 MP: 1/9
  1747 | D:2      | Found a shadowy altar of Dithmenos.
  2308 | D:3      | HP: 1/28 [poisoned by an adder]
  2748 | D:3      | HP: 1/28 [orc wizard/magic dart (11)]
  3528 | D:3      | Reached XP level 5. HP: 34/34 MP: 1/10
  3533 | D:3      | Learned a level 3 spell: Mephitic Cloud
  3827 | D:5      | Entered Level 5 of the Dungeon
  4203 | D:4      | Found a staircase to the Ecumenical Temple.
  4213 | Temple   | Entered the Ecumenical Temple
  4266 | Temple   | Became a worshipper of Uskayaw the Reveler
  4306 | D:4      | Reached * piety under Uskayaw
  4308 | D:4      | Reached skill level 4 in Spellcasting
  4315 | D:4      | HP: 1/34 [orc wizard/dagger (3)]
  4315 | D:4      | Slain by an orc priest

Skill      XL: |  1  2  3  4  5 |
---------------+----------------+-----
Fighting       | 1 |  1.7
Stealth        | 3 |  3.9
Spellcasting   | 4 |  4.0
Short Blades   | |  0.8
Dodging        | |  2.8
Conjurations   | |  1.4
Summonings     | |  1.0
Translocations | |  1.2
Poison Magic   | |  0.2

Action                   |  1- 3 |  4- 6 || total
-------------------------+-------+-------++-------
Melee: Unarmed           |    97 |       ||    97
       Constrict         |    31 |    26 ||    57
       Tentacles         |    19 |     9 ||    28
       Short sword       |    16 |    96 ||   112
 Cast: Magic Dart        |    54 |    26 ||    80
       Call Imp          |     3 |    11 ||    14
       Blink             |     1 |     5 ||     6
       Mephitic Cloud    |       |     4 ||     4
  Use: Potion            |       |     7 ||     7
       Scroll            |       |     2 ||     2
 Stab: Sleeping          |     6 |    13 ||    19
       Confused          |       |     2 ||     2
  Eat: Chunk             |     2 |     8 ||    10
Armor: Skin              |    21 |    11 ||    32
Dodge: Dodged            |    96 |    85 ||   181
